 Dungeon Crawl Stone Soup version 0.22-a0-779-g6f83d72c62 (webtiles) character file.

227 Htamos the Thaumaturge (level 5, -2/24 HPs)
             Began as a Spriggan Wizard on July 19, 2018.
             Was an Initiate of Sif Muna.
             Slain by an ogre
             ... wielding a +0 giant spiked club
              (26 damage)
             ... on level 4 of the Dungeon.
             The game lasted 00:09:13 (4932 turns).

Htamos the Thaumaturge (Spriggan Wizard)            Turns: 4932, Time: 00:09:14

Health: -2/24      AC:  2    Str:  4    XL:     5   Next: 70%
Magic:  6/16       EV: 18    Int: 19    God:    Sif Muna [......]
Gold:   134        SH:  0    Dex: 15    Spells: 19/20 levels left

rFire    . . .     SeeInvis +   n - +0 short sword (drain)
rCold    . . .     Gourm    .   (shield restricted)
rNeg     . . .     Faith    .   a - +0 robe
rPois    .         Spirit   .   b - +0 hat
rElec    .         Reflect  .   (no cloak)
rCorr    .         Harm     .   (gloves unavailable)
MR       .....                  (boots unavailable)
Stlth    ++........             m - amulet of regeneration
HPRegen  0.48/turn              (no ring)
MPRegen  0.15/turn              (no ring)

@: very slightly contaminated, very quick
A: very small, unfitting armour, see invisible, herbivore, speed 3, slow
metabolism 2
a: Renounce Religion


You were on level 4 of the Dungeon.
You worshipped Sif Muna.
Sif Muna was noncommittal.
You were very hungry.

You visited 2 branches of the dungeon, and saw 5 of its levels.

You collected 134 gold pieces.

Inventory:

Hand Weapons
 c - a +0 spear
 n - a +0 short sword of draining (weapon)
Missiles
 e - 60 stones (quivered)
Armour
 a - a +0 robe (worn)
 b - a +0 hat (worn)
Magical Staves
 g - an uncursed staff of cold
Jewellery
 m - an amulet of regeneration (around neck)
 r - an uncursed ring of see invisible {unknown}
Scrolls
 k - a scroll of identify
 t - a scroll of remove curse
Potions
 f - a potion of heal wounds
 h - a potion of might {unknown}
 i - a potion of magic {unknown}
 j - a potion of invisibility {unknown}
 l - 3 potions of degeneration {unknown}
 o - 2 potions of curing {unknown}
 q - 3 potions of brilliance {unknown}
Comestibles
 d - 4 rations


   Skills:
 - Level 3.0 Dodging
 - Level 3.0 Stealth
 + Level 8.0 Spellcasting
 - Level 0.6 Conjurations
   Level 0.7 Summonings
   Level 1.5 Translocations


You had 19 spell levels left.
You knew the following spells:

 Your Spells              Type           Power        Failure   Level  Hunger
a - Magic Dart            Conj           #...         7%          1    None

Your spell library contained the following spells:

 Spells                   Type           Power        Failure   Level  Hunger
 Conjure Flame            Conj/Fire      #.......     24%         3    None
 Slow                     Hex            #.......     14%         2    None
 Mephitic Cloud           Conj/Pois/Air  #.......     26%         3    None
 Blink                    Tloc           N/A          8%          2    None
 Call Imp                 Summ           ##......     11%         2    None


Dungeon Overview and Level Annotations

Branches:
Dungeon (4/15)             Temple (1/1) D:4

Altars:
Cheibriados
Dithmenos
Elyvilon
Fedhas
Gozag
Kikubaaqudgha
Makhleb
Nemelex Xobeh
Okawaru
Qazlal
Ru
Sif Muna
Trog
Uskayaw
Vehumet
Wu Jian
Xom
Zin


Innate Abilities, Weirdness & Mutations

You are very small and have problems with some larger weapons.
You are too small for most types of armour.
You have supernaturally acute eyesight. (SInv)
You are a herbivore.
You cover ground extremely quickly.
You need to consume almost no food.


Message History

Aim: an ogre, wielding a giant spiked club (lightly wounded)
The magic dart hits the ogre.
The ogre is lightly wounded.
Casting: Magic Dart (safe; 7% risk of failure)
Confirm with . or Enter, or press ? or * to list all spells.
Aiming: Magic Dart (safe; 7% risk of failure)
Press: ? - help, Shift-Dir - straight line, f/p - ogre
Aim: an ogre, wielding a giant spiked club (lightly wounded)
You miscast Magic Dart.
Your skin glows momentarily.
You hit the ogre.
The ogre is moderately wounded.
The ogre misses you.
You closely miss the ogre.
The ogre is moderately wounded.
The ogre completely misses you.
You hit the ogre. You drain the ogre!
The ogre is heavily wounded.
The ogre hits you with a giant spiked club!!
Ouch! That really hurt!
You die...

#..... #.....# ########.....####
#### #+#
................###+####...# ...
................#..........# >..
................#......<...# ...
................#..........# ...
................@O.........# ...
................#..........# ###
................#...........+ #
................##+#######+## #
###########............# #....+
.#............# ###+#
'....#....'............# .....
#....#..>.#............# #.....
#....##...#............#####.....


You could see an ogre.

Vanquished Creatures
  A bullfrog skeleton (D:4)
  2 iguanas
  A worker ant (D:4)
  A howler monkey skeleton (D:4)
  5 adders
  An ooze (D:1)
  2 dart slugs (D:2)
  2 leopard geckos
  6 orcs
  2 giant cockroaches
  6 goblins
  5 hobgoblins
  4 jackals (D:2)
  A quokka (D:2)
  A ball python (D:1)
  5 bats
  3 frilled lizards
  6 kobolds
  5 rats
59 creatures vanquished.

Notes
Turn   | Place    | Note
-------+----------+-------------------------------------------
     0 | D:1      | Htamos the Spriggan Wizard began the quest for the Orb.
     0 | D:1      | Reached XP level 1. HP: 9/9 MP: 6/6
   240 | D:1      | Reached XP level 2. HP: 13/13 MP: 8/8
   446 | D:1      | Reached skill level 5 in Spellcasting
  1403 | D:2      | Reached XP level 3. HP: 16/16 MP: 10/10
  1934 | D:2      | Reached skill level 6 in Spellcasting
  2780 | D:3      | Reached XP level 4. HP: 21/21 MP: 7/13
  3766 | D:4      | Reached skill level 7 in Spellcasting
  3766 | D:4      | Reached XP level 5. HP: 23/24 MP: 11/15
  3852 | D:3      | HP: 1/24 [poisoned by a worker ant]
  4382 | D:4      | Found a staircase to the Ecumenical Temple.
  4391 | Temple   | Entered the Ecumenical Temple
  4430 | Temple   | Became a worshipper of Sif Muna the Loreminder
  4863 | D:4      | Noticed an ogre
  4864 | D:4      | Reached skill level 8 in Spellcasting
  4932 | D:4      | Slain by an ogre

Vault maps used:
D:1:      evilmike_arrival_fibonacci_small
D:2:      kennysheep_generic_room_10
D:3:      first_ration
D:4:      minmay_temple_entry_overgrown
Temple:   nicolae_temple_the_god_donut

Skill      XL: |  1  2  3  4  5 |
---------------+----------------+-----
Spellcasting   | 5 6 7 8 |  8.0
Dodging        | |  3.0
Stealth        | |  3.0
Conjurations   | |  0.6
Summonings     | |  0.7
Translocations | |  1.5

Action                   |  1- 3 |  4- 6 || total
-------------------------+-------+-------++-------
Melee: Spear             |   102 |       ||   102
       Short sword       |       |    59 ||    59
       Staff             |       |     1 ||     1
 Cast: Magic Dart        |    72 |    95 ||   167
  Use: Scroll            |     3 |     3 ||     6
       Potion            |       |     1 ||     1
 Stab: Sleeping          |     4 |       ||     4
Armor: Robe              |     6 |    10 ||    16
Dodge: Dodged            |    72 |    68 ||   140

Table legend:
 A = Spawn XP
 B = Non-spawn XP
 C = Spawn XP percentage of total XP
 D = Spawn monster count
 E = Non-spawn monster count
 F = Spawn count percentage of total count
 G = Total turns spent on level
                    A         B        C        D         E        F      G
               +---------+---------+-------+---------+---------+-------+---------
         Total |       0 |     325 |   0.0 |       0 |      59 |   0.0 |  4932
               +---------+---------+-------+---------+---------+-------+---------
           D:1 |       0 |      39 |   0.0 |       0 |      21 |   0.0 |  1334
           D:2 |       0 |      56 |   0.0 |       0 |      18 |   0.0 |  1319
           D:3 |       0 |      79 |   0.0 |       0 |      10 |   0.0 |  1282
           D:4 |       0 |     151 |   0.0 |       0 |      10 |   0.0 |   927
               +---------+---------+-------+---------+---------+-------+---------
